 Dungeon Crawl Stone Soup version 0.29-a0-914-g906f1d757c (webtiles) character file.

Game seed: 18021498227696590441

89 inmateoo the Insei (level 4, -1/28 HPs)
             Began as an Octopode Transmuter on July 26, 2022.
             Slain by an ice beast (14 damage)
             ... on level 3 of the Dungeon.
             The game lasted 00:02:31 (2248 turns).

inmateoo the Insei (Octopode Transmuter)            Turns: 2248, Time: 00:02:31

Health: -1/28      AC:  1    Str:  9    XL:     4   Next: 55%
Magic:  7/8        EV: 13    Int: 17    God:
Gold:   76         SH:  0    Dex: 12    Spells: 1/8 levels left

rFire   . . .      SeeInvis .     - Unarmed
rCold   . . .      Faith    .   (no shield)
rNeg    . . .      Spirit   .   (helmet restricted)
rPois   .          Reflect  .   j - amulet of magic regeneration
rElec   .          Harm     .   e - ring of flight
rCorr   .          Rampage  .   (no ring)
Will    .....                   (no ring)
Stlth   ++........              (no ring)
HPRegen 0.09/turn               (no ring)
MPRegen 0.51/turn               (no ring)
                                (no ring)
                                (no ring)

@: flying
A: almost no armour, amphibious, 8 rings, camouflage 1, gelatinous body 1,
(nimble swimmer 1), tentacles
a: no special abilities


You were on level 3 of the Dungeon.
You visited 1 branch of the dungeon, and saw 3 of its levels.

You collected 76 gold pieces.

Inventory:

Jewellery
 e - a ring of flight (left tentacle)
 j - an amulet of magic regeneration (around mantle)
Scrolls
 c - a scroll of immolation
 d - a scroll of magic mapping
 g - 2 scrolls of identify
 i - a scroll of teleportation
Potions
 a - a potion of lignification
 b - a potion of ambrosia
 f - 2 potions of invisibility
 h - a potion of magic {unknown}


   Skills:
 - Level 1.0 Fighting
 - Level 2.0 Dodging
 + Level 3.8 Unarmed Combat
 + Level 2.9 Spellcasting
 + Level 3.1 Transmutations


You had one spell level left.
You knew the following spells:

 Your Spells              Type           Power      Damage    Failure   Level
a - Beastly Appendage     Tmut           26%        N/A       4%          1
b - Wereblood             Tmut           13%        N/A       8%          2
c - Spider Form           Tmut/Pois      7%         N/A       28%         3
d - Foxfire               Conj/Fire      8%         2x1d4     19%         1

Your spell library contained the following spells:

 Spells                   Type           Power      Damage    Failure   Level
 Ice Form                 Ice/Tmut       7%         N/A       67%         4
 Passage of Golubria      Tloc           2%         N/A       87%         4
 Silence                  Hex/Air        1%         N/A       99%         5
 Lehudib's Crystal Spear  Conj/Erth      1%         10d2      100%        8


Dungeon Overview and Level Annotations

Branches:
Dungeon (3/15)

Altars:
Dithmenos


Innate Abilities, Weirdness & Mutations

You cannot wear most types of armour.
You are amphibious.
You can wear up to eight rings at the same time.
Your skin changes colour to match your surroundings (Stealth+).
Your rubbery body absorbs attacks. (AC +1, EV +1)
((You are camouflaged when in or above water. (Stealth+)))
You have tentacles for arms and can constrict up to eight enemies at once.


Message History

i - a scroll of teleportation
j - an amulet of magic regeneration You start putting on your amulet.
You continue putting on your amulet of magic regeneration. x5
You finish putting on your amulet of magic regeneration.
j - an amulet of magic regeneration (around mantle)
An ice beast comes into view.
An ice beast is nearby!
Casting: Spider Form (extremely dangerous; 28% risk of failure)
Confirm with . or Enter, or press ? or * to list all spells.
Okay, then.
Memorise Foxfire, consuming 1 spell level and leaving 1?
You start memorising the spell.
You continue memorising.
You finish memorising.
Spell assigned to 'd'.
Casting: Spider Form (extremely dangerous; 28% risk of failure)
Confirm with . or Enter, or press ? or * to list all spells.
You conjure some foxfire!
Casting: Foxfire (safe; 19% risk of failure)
Confirm with . or Enter, or press ? or * to list all spells.
You conjure some foxfire!
The foxfire hits the ice beast but does no damage.
Your foxfire dissipates!
The foxfire hits the ice beast but does no damage.
Casting: Foxfire (safe; 19% risk of failure)
Confirm with . or Enter, or press ? or * to list all spells.
You conjure some foxfire!
Your foxfire dissipates!
The foxfire hits the ice beast but does no damage.
Casting: Foxfire (safe; 19% risk of failure)
Confirm with . or Enter, or press ? or * to list all spells.
You conjure some foxfire!
The ice beast closely misses you.
Your foxfire dissipates!
The ice beast attacks as you move away! The ice beast hits you.
The ice beast freezes you.
The foxfire hits the ice beast but does no damage.
Casting: Foxfire (safe; 19% risk of failure)
Confirm with . or Enter, or press ? or * to list all spells.
You conjure some foxfire!
The ice beast hits you. The ice beast freezes you!
Ouch! That really hurt!
You die...

### ####.###
###### #.# #....#
#.# #.##.#
#.#####.##.#
#..........#
##########.# #.
..#.#
#v##.#.#######
#.@v.#........
###Y...######.
#######...(....# .
#.................
#.#......#####[#..
#.###.#......# #
#.....#.## #
#.#.#.####..#
#.#.........#


You could see an ice beast (ally target).

Vanquished Creatures
  3 adders (D:2)
  A worm (D:3)
  4 dart slugs
  An orc (D:3)
  A ball python (D:3)
  6 endoplasms
  3 giant cockroaches
  4 goblins
  7 hobgoblins
  A quokka (D:1)
  7 bats
  3 frilled lizards
  3 kobolds
  3 rats
47 creatures vanquished.

Vanquished Creatures (others)
  4 foxfires (D:3)
4 creatures vanquished.

Grand Total: 51 creatures vanquished

Notes
Turn   | Place    | Note
-------+----------+-------------------------------------------
     0 | D:1      | inmateoo the Octopode Transmuter began the quest for the
                  | Orb.
     0 | D:1      | Reached XP level 1. HP: 13/13 MP: 3/3
    38 | D:1      | Reached XP level 2. HP: 18/18 MP: 5/5
   381 | D:1      | Learned a level 2 spell: Wereblood
   429 | D:1      | Reached XP level 3. HP: 23/23 MP: 4/6
   433 | D:1      | Learned a level 3 spell: Spider Form
   599 | D:1      | Found a faded altar of an unknown god.
   604 | D:1      | Got Plato's Book of the Coals
   891 | D:2      | Found a shadowy altar of Dithmenos.
  1258 | D:2      | Reached XP level 4. HP: 28/28 MP: 4/8
  2230 | D:3      | Noticed an ice beast
  2234 | D:3      | Learned a level 1 spell: Foxfire
  2248 | D:3      | Slain by an ice beast

Illustrated notes

Levels and vault maps discovered:
D:1:      reono_arrival_forest_river, layout_basic,
          shapermc_ecumenical_altar_rom_forum, serial_glass, glass_columns_c,
          glass_columns_b, glass_columns_a, st_stairs_13, minmay_misc_feat_iff
D:2:      layout_basic, basic_altar
D:3:      layout_basic

Skill      XL: |  1  2  3  4 |
---------------+-------------+-----
Transmutations | 3 |  3.1
Fighting       | |  1.0
Dodging        | |  2.0
Unarmed Combat | |  3.8
Spellcasting   | |  2.9

Action                   |  1- 3 |  4- 6 || total
-------------------------+-------+-------++-------
Melee: Unarmed           |    83 |    38 ||   121
       Constrict         |    21 |     6 ||    27
       Tentacles         |    13 |     2 ||    15
       Kick              |    10 |       ||    10
       Punch             |     3 |       ||     3
 Cast: Beastly Appendage |     8 |       ||     8
       Spider Form       |     2 |     3 ||     5
       Foxfire           |       |     5 ||     5
  Use: Scroll            |     7 |     1 ||     8
 Stab: Sleeping          |     3 |     2 ||     5
       Distracted        |       |     1 ||     1
Armor: Skin              |    12 |     4 ||    16
Dodge: Dodged            |    57 |    25 ||    82

Table legend: (Time is in decaauts)
 A = Elapsed time spent in this place.
 B = Non-inter-level travel time spent in this place.
 C = Inter-level travel time spent in this place.
 D = Time resting spent in this place.
 E = Time spent auto-exploring this place.
 F = Levels seen in this place.
 G = Mean time per level.
                   A        B        C        D        E       F      G
               +--------+--------+--------+--------+--------+-----+--------+
         Total |   2240 |   2170 |     70 |    784 |    994 |   3 |  746.7 |
       Dungeon |   2240 |   2170 |     70 |    784 |    994 |   3 |  746.7 |
               +--------+--------+--------+--------+--------+-----+--------+

Top non-repeatable levels by time:
     D:2: 979 daAuts
     D:1: 888 daAuts
     D:3: 372 daAuts
